 Dungeon Crawl Stone Soup version 0.30-a0-354-g6b83867211 (webtiles) character file.

Game seed: 6407934262537391052

105 billz999 the Sneak (level 4, -5/34 HPs)
             Began as a Gnoll Wanderer on Nov 7, 2022.
             Slain by Grinder (9 damage)
             ... on level 3 of the Dungeon.
             The game lasted 00:06:04 (2438 turns).

billz999 the Sneak (Gnoll Wanderer)                 Turns: 2438, Time: 00:06:04

Health: -5/34      AC:  3    Str:  8    XL:     4   Next: 81%
Magic:  1/8        EV: 12    Int: 18    God:
Gold:   100        SH:  0    Dex: 10    Spells: 4/9 levels left

rFire   . . .      SeeInvis .    k - +2 short sword (venom)
rCold   . . .      Faith    .    (no shield)
rNeg    . . .      Spirit   .    c - +0 robe
rPois   .          Reflect  .    (no helmet)
rElec   .          Harm     .    (no cloak)
rCorr   .          Rampage  .    d - +0 pair of gloves
Will    .....                    (no boots)
Stlth   ++........               (no amulet)
HPRegen 0.25/turn                (no ring)
MPRegen 0.11/turn                (no ring)

@: no status effects
A: fangs 1, strong nose, distributed training
a: no special abilities


You were on level 3 of the Dungeon.
You visited 1 branch of the dungeon, and saw 3 of its levels.

You collected 100 gold pieces.

Inventory:

Hand Weapons
 a - a +0 dagger
 k - a +2 short sword of venom (weapon)
Armour
 c - a +0 robe (worn)
 d - a +0 pair of gloves (worn)
Magical Staves
 e - a staff of death
Scrolls
 b - a scroll of teleportation
 f - 4 scrolls of identify {unknown}
 g - a scroll of poison {unknown}
 l - 2 scrolls of enchant weapon {unknown}
Potions
 h - a potion of cancellation {unknown}
 i - a potion of mutation {unknown}
 j - 2 potions of haste {unknown}
 m - 2 potions of curing {unknown}
 n - a potion of might {unknown}
 o - a potion of magic {unknown}


   Skills:
 + Level 2.8 Fighting
 + Level 1.3 Short Blades
 + Level 1.3 Long Blades
 + Level 1.3 Axes
 + Level 1.3 Maces & Flails
 + Level 1.3 Polearms
 + Level 1.3 Staves
 + Level 1.3 Ranged Weapons
 + Level 1.3 Throwing
 + Level 2.8 Armour
 + Level 2.8 Dodging
 + Level 4.3 Stealth
 + Level 1.3 Shields
 + Level 1.3 Unarmed Combat
 + Level 3.1 Spellcasting
 + Level 1.0 Conjurations
 + Level 1.0 Hexes
 + Level 1.0 Summonings
 + Level 1.0 Necromancy
 + Level 1.0 Translocations
 + Level 3.9 Transmutations
 + Level 1.0 Fire Magic
 + Level 1.0 Ice Magic
 + Level 3.9 Air Magic
 + Level 1.0 Earth Magic
 + Level 1.0 Poison Magic
 + Level 1.4 Invocations
 + Level 1.3 Evocations


You had 4 spell levels left.
You knew the following spells:

 Your Spells              Type           Power      Damage    Failure   Level
a - Shock                 Conj/Air       44%        1d5       6%          1
b - Sting                 Tmut/Pois      44%        1d5       6%          1
c - Ignite Poison         Fire/Tmut/Pois 10%        N/A       22%         3

Your spell library contained the following spells:

 Spells                   Type           Power      Damage    Failure   Level
 Static Discharge         Conj/Air       22%        2-3/arc   9%          2
 Vhi's Electric Charge    Tloc/Air       22%        N/A       17%         3
 Inner Flame              Hex/Fire       6%         N/A       30%         3
 Flame Wave               Conj/Fire      6%         2d5       71%         4
 Sticky Flame             Conj/Fire      6%         2d3       71%         4


Dungeon Overview and Level Annotations

Branches:
Dungeon (3/15)

Altars:

Annotations:
D:3 Grinder


Innate Abilities, Weirdness & Mutations

You have very sharp teeth.
Your uncanny sense of smell can sniff out nearby items.
Your experience applies equally to all skills.


Message History

Unknown command.
Casting: Sting (safe; 6% risk of failure)
Confirm with . or Enter, or press ? or * to list all spells.
Okay, then.
Casting: Sting (safe; 6% risk of failure)
Confirm with . or Enter, or press ? or * to list all spells.
Aiming: Shock (safe; 6% risk of failure)
Press: ? - help, Shift-Dir - straight line, f/p - Grinder
Aim: Grinder (moderately wounded, very poisoned, 64% to hit)
The zap hits Grinder.
Grinder is heavily wounded.
Grinder says, "What is the universe for?"
Unknown command.
Casting: Shock (safe; 6% risk of failure)
Confirm with . or Enter, or press ? or * to list all spells.
Aiming: Sting (safe; 6% risk of failure)
Press: ? - help, Shift-Dir - straight line, f/p - Grinder
Aim: Grinder (heavily wounded, very poisoned, 68% to hit)
The sting hits Grinder.
Grinder looks even sicker.
Grinder is heavily wounded.
Grinder misses you.
Unknown command.
You barely miss Grinder.
Grinder is heavily wounded.
Grinder hits you!
You hit Grinder.
Grinder is severely wounded.
Grinder gestures at you. Pain shoots through your body!
You closely miss the orc. Your punch misses the orc. The orc misses you.
Grinder hits you!
You hit the orc but do no damage.
The orc is poisoned.
You bite the orc, but do no damage. The orc misses you. Grinder hits you.
You writhe in agony.
* * * LOW HITPOINT WARNING * * *
Unknown command.
The orc attacks as you move away! The orc hits you with a +0 dagger.
* * * LOW HITPOINT WARNING * * *
Grinder attacks as you move away! Grinder hits you!
You die...

.## ♣♣ ^.. ♣. >.... #..
...## #.. ##..... #...
....... #..###....... .
#...†#.......... ..
....#.@............##..
......o.5...........#..#
........................
....[...................
........................
..†.....................
...................!.:..
..........÷.........."..
........[...........###


You could see Grinder (very poisoned) and an orc (very poisoned).

Vanquished Creatures
  3 adders
  2 worms (D:2)
  A dart slug (D:1)
  5 orcs
  5 ball pythons
  2 endoplasms (D:2)
  A giant cockroach (D:1)
  2 goblins
  5 hobgoblins
  10 jackals
  3 quokkas (D:2)
  10 bats
  2 frilled lizards
  4 kobolds
  4 rats
59 creatures vanquished.

Notes
Turn   | Place    | Note
-------+----------+-------------------------------------------
     0 | D:1      | billz999 the Gnoll Wanderer began the quest for the Orb.
     0 | D:1      | billz999 set off with the following items: a +0 dagger, a
                  | scroll of teleportation, a +0 robe, a +0 pair of gloves;
                  | and the following spells available to memorise: Shock,
                  | Sting, Static Discharge, Vhi's Electric Charge, Ignite
                  | Poison.
     0 | D:1      | Reached XP level 1. HP: 17/17 MP: 4/4
    22 | D:1      | Learned a level 1 spell: Shock
   152 | D:1      | Reached XP level 2. HP: 23/23 MP: 5/5
   531 | D:1      | Reached XP level 3. HP: 28/28 MP: 7/7
   594 | D:1      | Found a faded altar of an unknown god.
   980 | D:1      | Learned a level 1 spell: Sting
   984 | D:1      | Learned a level 3 spell: Ignite Poison
  1056 | D:2      | Reached skill level 1 in Invocations
  1122 | D:2      | Reached skill level 1 in Short Blades
  1122 | D:2      | Reached skill level 1 in Long Blades
  1122 | D:2      | Reached skill level 1 in Axes
  1122 | D:2      | Reached skill level 1 in Maces & Flails
  1122 | D:2      | Reached skill level 1 in Polearms
  1122 | D:2      | Reached skill level 1 in Staves
  1122 | D:2      | Reached skill level 1 in Ranged Weapons
  1122 | D:2      | Reached skill level 1 in Throwing
  1122 | D:2      | Reached skill level 1 in Shields
  1122 | D:2      | Reached skill level 1 in Unarmed Combat
  1122 | D:2      | Reached skill level 1 in Evocations
  1275 | D:2      | Reached XP level 4. HP: 17/34 MP: 5/8
  1689 | D:2      | Reached skill level 1 in Conjurations
  1689 | D:2      | Reached skill level 1 in Hexes
  1689 | D:2      | Reached skill level 1 in Summonings
  1689 | D:2      | Reached skill level 1 in Necromancy
  1689 | D:2      | Reached skill level 1 in Translocations
  1689 | D:2      | Reached skill level 1 in Fire Magic
  1689 | D:2      | Reached skill level 1 in Ice Magic
  1689 | D:2      | Reached skill level 1 in Earth Magic
  1689 | D:2      | Reached skill level 1 in Poison Magic
  2178 | D:3      | Noticed Grinder
  2438 | D:3      | Slain by Grinder

Illustrated notes

Levels and vault maps discovered:
D:1:      lightli_arrival_farm, layout_loops_ring,
          shapermc_ecumenical_altar_flowoftime
D:2:      layout_rooms, minmay_misc_feat_four_crosses,
          kennysheep_generic_room_12
D:3:      layout_rooms, uniq_grinder, uniq_crazy_yiuf_cottage

Skill      XL: |  1  2  3  4 |
---------------+-------------+-----
Invocations    | 1 |  1.4
Short Blades   | 1 |  1.3
Long Blades    | 1 |  1.3
Axes           | 1 |  1.3
Maces & Flails | 1 |  1.3
Polearms       | 1 |  1.3
Staves         | 1 |  1.3
Ranged Weapons | 1 |  1.3
Throwing       | 1 |  1.3
Shields        | 1 |  1.3
Unarmed Combat | 1 |  1.3
Evocations     | 1 |  1.3
Spellcasting   | 3 |  3.1
Conjurations   | 1 |  1.0
Hexes          | 1 |  1.0
Summonings     | 1 |  1.0
Necromancy     | 1 |  1.0
Translocations | 1 |  1.0
Fire Magic     | 1 |  1.0
Ice Magic      | 1 |  1.0
Earth Magic    | 1 |  1.0
Poison Magic   | 1 |  1.0
Fighting       | |  2.8
Armour         | |  2.8
Dodging        | |  2.8
Stealth        | |  4.3
Transmutations | |  3.9
Air Magic      | |  3.9

Action                   |  1- 3 |  4- 6 || total
-------------------------+-------+-------++-------
Melee: Dagger            |     6 |       ||     6
       Short sword       |    43 |    15 ||    58
       Bite              |     4 |     2 ||     6
       Punch             |     1 |     1 ||     2
 Cast: Shock             |    37 |    52 ||    89
       Sting             |       |    12 ||    12
 Stab: Sleeping          |     7 |       ||     7
Armor: Robe              |    13 |     3 ||    16
Dodge: Dodged            |    25 |    13 ||    38

Table legend: (Time is in decaauts)
 A = Elapsed time spent in this place.
 B = Non-inter-level travel time spent in this place.
 C = Inter-level travel time spent in this place.
 D = Time resting spent in this place.
 E = Time spent auto-exploring this place.
 F = Levels seen in this place.
 G = Mean time per level.
                   A        B        C        D        E       F      G
               +--------+--------+--------+--------+--------+-----+--------+
         Total |   2454 |   2341 |    113 |     97 |   1893 |   3 |  818.0 |
       Dungeon |   2454 |   2341 |    113 |     97 |   1893 |   3 |  818.0 |
               +--------+--------+--------+--------+--------+-----+--------+

Top non-repeatable levels by time:
     D:2: 1264 daAuts
     D:1: 1064 daAuts
     D:3: 126 daAuts
